 Dungeon Sprint DCSS version 0.31-a0-986-g5e6e4ef867 (webtiles) character file.

Game seed: 7945107030506164132

616 rocky1 the Martial Artist (level 7, -3/46 HPs)
             Began as an Octopode Shapeshifter on Nov 14, 2023.
             Was an Initiate of Gozag.
             Killed from afar by an acid dragon (19 damage)
             ... with a splash of acid
             ... in the Dungeon (Sprint IX: "|||||||||||||||||||||||||||||").
             The game lasted 00:01:13 (438 turns).

rocky1 the Martial Artist (Octopode Shapeshifter)    Turns: 438, Time: 00:01:15

Health: -3/46      AC:  3    Str: 16    XL:     7   Next: 45%
Magic:  7/7        EV: 15    Int: 13    God:    Gozag
Gold:   0          SH:  0    Dex: 13    Spells: 6/6 levels left

rFire   . .          .
                       - Unarmed
rCold   . . .        (no shield)
rNeg    . . .        (helmet currently unavailable)
rPois   .            (no amulet)
rElec   .            l - +3 ring of strength
rCorr   .            m - +2 ring of protection
SInv    .            (no ring)
Will    .....        (no ring)
Stlth   ++++         (no ring)
HPRegen 0.27/turn    (no ring)
MPRegen 0.10/turn    (no ring)
                     (no ring)

%: no teleportation
@: beast-form, invisible (expiring)
A: beast (slay +4), almost no armour, amphibious, 8 rings, camouflage 1,
gelatinous body 1, (nimble swimmer 1), tentacles
a: Begin Untransformation, Renounce Religion, Potion Petition, Call Merchant,
Bribe Branch


You were in the Dungeon.
You worshipped Gozag.
Gozag was noncommittal.
You were a hulking beast.
You visited 1 branch

Inventory:

Jewellery
 l - a +3 ring of strength (left tentacle)
 m - a +2 ring of protection (right tentacle)
Talismans
 b - a beast talisman
 c - a flux talisman
Wands
 k - a wand of roots (10) (quivered)
Scrolls
 i - 2 scrolls of blinking
 j - 2 scrolls of amnesia
Potions
 d - 5 potions of curing
 e - 2 potions of heal wounds
 f - a potion of haste
 g - 4 potions of magic
 h - a potion of berserk rage


   Skills:
 + Level 3.3 Fighting
 + Level 6.5 Dodging
 - Level 4.1 Stealth
 * Level 10.3 Unarmed Combat
 + Level 9.3 Shapeshifting


You had 6 spell levels left.
You didn't know any spells.
Your spell library was empty.

Dungeon Overview and Level Annotations

Branches:
Dungeon (1/1)

Altars:
Cheibriados
Dithmenos
Elyvilon
Fedhas
Gozag
Hepliaklqana
Kikubaaqudgha
Makhleb
Nemelex Xobeh
Okawaru
Qazlal
Ru
Sif Muna
Trog
Uskayaw
Vehumet
Wu Jian
Xom
Yredelemnul
Zin
The Shining One
Jiyva
Lugonu


Innate Abilities, Weirdness & Mutations

You are a hulking beast.
Your limbs bulge with bestial killing power. (Slay +4)
You cannot wear most types of armour.
You are amphibious.
You can wear up to eight rings at the same time.
Your skin changes colour to match your surroundings (Stealth+).
Your rubbery body absorbs attacks. (AC +1, EV +1)
((You are camouflaged when in or above water. (Stealth+)))
You have tentacles for arms and can constrict up to eight enemies at once.


Message History

The acid corrodes the howler monkey!
The howler monkey dies!
The yak bellows!
You closely miss the yak.
The yak is no longer distracted by gold.
The yak is almost dead.
The yak completely misses you.
You barely miss the yak.
Your tentacle-slap misses the yak.
The yak is almost dead.
The yak barely misses you. x2
You tentacle-slap the yak.
You kill the yak!
The acid dragon is distracted by your dazzling golden aura.
Your Fighting skill increases to level 3!
Your Unarmed Combat skill increases to level 10!
Items here: $ )) [.
Unknown command.
You closely miss the acid dragon.
The acid dragon is no longer distracted by gold.
The acid dragon spits acid at you. The splash of acid misses you.
You closely miss the acid dragon. Your squeeze misses the acid dragon.
The acid dragon misses you.
The acid dragon claws you but does no damage.
The acid dragon misses you. The acid dragon closely misses you.
You barely miss the acid dragon.
You squeeze the acid dragon, but do no damage.
The acid dragon closely misses you.
The acid dragon claws you but does no damage.
You tentacle-slap the acid dragon.
The acid dragon is lightly wounded.
You feel yourself speed up.
You flicker for a moment.
The acid dragon barely misses you. The acid dragon claws you.
You catch the helpless acid dragon completely off-guard!
You bludgeon the acid dragon! You squeeze the acid dragon.
The acid dragon is heavily wounded.
The acid dragon spits acid at you. The splash of acid hits you!!
You die...
Your body crumbles into a pile of gold.

▓+▓
▓.▓
▓.▓
▓.▓
▓y▓
▓D▓
▓h▓
▓'▓
▓.▓
▓.▓
▓[▓
▓[▓
▓[▓
▓.▓
▓)▓


You could see an acid dragon (unable to see you, catching breath) and a killer
bee (unable to see you).

Vanquished Creatures
  A yak (D)
  A wraith (D)
  A water moccasin (D)
  An orc warrior (D)
  A phantom (D)
  An iguana (D)
  An ufetubus (D)
  2 dart slugs (D)
  A bat (D)
  3 kobolds (D)
13 creatures vanquished.

Vanquished Creatures (others)
  A howler monkey (D)
1 creature vanquished.

Grand Total: 14 creatures vanquished

Notes
Turn   | Place    | Note
-------+----------+-------------------------------------------
     0 | D        | rocky1 the Octopode Shapeshifter began the quest for the
                  | Orb.
     0 | D        | Reached XP level 1. HP: 13/13 MP: 1/1
    55 | D        | Noticed a phantom
    55 | D        | Noticed an iguana
    55 | D        | Noticed a water moccasin
    67 | D        | Killed a water moccasin
    68 | D        | Reached skill level 1 in Stealth
    68 | D        | Reached skill level 6 in Unarmed Combat
    68 | D        | Reached XP level 2. HP: 18/18 MP: 2/2
    68 | D        | Reached XP level 3. HP: 23/23 MP: 3/3
    68 | D        | Reached XP level 4. HP: 28/28 MP: 4/4
    68 | D        | Reached XP level 5. HP: 33/33 MP: 5/5
    72 | D        | Reached skill level 7 in Unarmed Combat
    73 | D        | Killed a phantom
    74 | D        | Reached skill level 8 in Unarmed Combat
    79 | D        | Reached XP level 6. HP: 39/39 MP: 6/6
   368 | D        | Found a snail-covered altar of Cheibriados.
   368 | D        | Found a shadowy altar of Dithmenos.
   368 | D        | Found a white marble altar of Elyvilon.
   368 | D        | Found a blossoming altar of Fedhas.
   368 | D        | Found an opulent altar of Gozag.
   369 | D        | Found a hazy altar of Hepliaklqana.
   370 | D        | Found a viscous altar of Jiyva.
   371 | D        | Found an ancient bone altar of Kikubaaqudgha.
   372 | D        | Found a corrupted altar of Lugonu.
   373 | D        | Found a burning altar of Makhleb.
   374 | D        | Found a sparkling altar of Nemelex Xobeh.
   375 | D        | Found an iron altar of Okawaru.
   376 | D        | Became a worshipper of Gozag Ym Sagoz the Greedy
   377 | D        | Found a stormy altar of Qazlal.
   378 | D        | Found a sacrificial altar of Ru.
   379 | D        | Found a shimmering blue altar of Sif Muna.
   380 | D        | Found a bloodstained altar of Trog.
   381 | D        | Found a hide-covered altar of Uskayaw.
   382 | D        | Found a radiant altar of Vehumet.
   383 | D        | Found an ornate altar of the Wu Jian Council.
   384 | D        | Found a shimmering altar of Xom.
   385 | D        | Found a basalt altar of Yredelemnul.
   386 | D        | Found a glowing silver altar of Zin.
   387 | D        | Found a glowing golden altar of the Shining One.
   413 | D        | Noticed an acid dragon
   413 | D        | Noticed a yak
   413 | D        | Noticed a wraith
   413 | D        | Noticed an orc warrior
   419 | D        | Killed an orc warrior
   420 | D        | Reached skill level 5 in Dodging
   426 | D        | Killed a wraith
   427 | D        | Reached skill level 9 in Unarmed Combat
   427 | D        | Reached XP level 7. HP: 26/45 MP: 7/7
   432 | D        | Killed a yak
   433 | D        | Reached skill level 10 in Unarmed Combat
   438 | D        | Killed from afar by an acid dragon

Illustrated notes

Levels and vault maps discovered:
D:        linesprint [early_d, line_temple, items_1, d_10, items_2, lair_1,
          lair_end, items_3, orc_1, orc_end, items_4, d_15, swamp_1, shoals_1,
          snake_1, spider_1, d_20, vaults_1, items_5, swamp_end, shoals_end,
          snake_end, spider_end, vaults_end, d_27, items_6, zot_1, zot_end,
          crypt_end, forest_end, elf_end, slime_end, tomb_end, abyss_end,
          pan_hell_end]

Skill      XL: |  1  2  3  4  5  6  7 |
---------------+----------------------+-----
Dodging        | 3 4 6 |  6.5
Stealth        | 1 4 |  4.1
Unarmed Combat | 6 8 9 10 | 10.3
Shapeshifting  | 6 7 9 |  9.3
Fighting       | 2 3 |  3.3

Action                     |  1- 3 |  4- 6 |  7- 9 || total
---------------------------+-------+-------+-------++-------
  Melee: Unarmed           |    20 |    20 |    11 ||    51
         Constrict         |     4 |     1 |       ||     5
         Tentacles         |     2 |     4 |     5 ||    11
         Punch             |     1 |       |       ||     1
    Use: Potion            |     1 |     2 |       ||     3
   Stab: Invisible         |       |     2 |     2 ||     4
 Armour: Skin              |    17 |    16 |     5 ||    38
  Dodge: Dodged            |     5 |     5 |    11 ||    21

Table legend: (Time is in decaauts)
 A = Elapsed time spent in this place.
 B = Non-inter-level travel time spent in this place.
 C = Inter-level travel time spent in this place.
 D = Time resting spent in this place.
 E = Time spent auto-exploring this place.
 F = Levels seen in this place.
 G = Mean time per level.
                   A        B        C        D        E       F      G
               +--------+--------+--------+--------+--------+-----+--------+
         Total |    437 |    437 |      0 |    320 |      0 |   1 |  437.0 |
       Dungeon |    437 |    437 |      0 |    320 |      0 |   1 |  437.0 |
               +--------+--------+--------+--------+--------+-----+--------+

Top non-repeatable levels by time:
       D: 437 daAuts
